Map: Royal Blood LE

Players

winzboy - Winner!

  • Race: Protoss Protoss
  • Spawn Location: 1:00

VOD

Have the link to the VOD?

Description

Time

  • Played on: May 20, 2023, 1:39 a.m.
  • Length: 16:14
Show
View Real Time Build Order
Export as new Build Order

winzboy Protoss - Winner!

Build Orders:  

Get SALT Encoding   

  12  0:04  Probe (Chrono Boost)  
  13  0:26  Probe (Chrono Boost)  
  14  0:36  Pylon  
  14  0:37  Probe (Chrono Boost)  
  15  1:02  Probe (Chrono Boost), Gateway  
  16  1:12  Assimilator  
  16  1:19  Probe (Chrono Boost)  
  17  1:36  Probe (Chrono Boost)  
  18  1:53  Probe (Chrono Boost)  
  20  2:10  Nexus, Probe (Chrono Boost)  
  20  2:27  Probe (Chrono Boost)  
  21  2:42  Cybernetics Core  
  21  2:45  Probe (Chrono Boost)  
  21  2:48  Assimilator  
  22  3:02  Probe (Chrono Boost)  
  23  3:12  Pylon  
  23  3:38  Probe (Chrono Boost)  
  26  3:54  Probe  
  26  3:58  Robotics Facility  
  27  4:02  Shield Battery  
  27  4:06  Probe  
  28  4:11  Probe  
  29  4:21  Unknown, Stalker  
  29  4:23  Probe  
  29  4:28  Probe  
  33  4:47  Probe (Chrono Boost)  
  33  4:48  Warp Gate (Chrono Boost)  
  33  4:58  Sentry  
  34  5:00  Probe (Chrono Boost)  
  37  5:13  Probe (Chrono Boost), Observer  
  40  5:30  Probe (Chrono Boost)  
  40  5:43  Forge  
  40  5:46  Twilight Council  
  40  5:54  Pylon  
  41  6:00  Probe (Chrono Boost)  
  41  6:03  Immortal  
  41  6:06  Assimilator  
  41  6:09  Assimilator  
  45  6:15  Pylon  
  45  6:17  Probe (Chrono Boost)  
  46  6:34  Probe (Chrono Boost)  
  46  6:39  Protoss Ground Weapons Level 1  
  48  6:50  Probe (Chrono Boost), Pylon  
  48  7:07  Probe (Chrono Boost)  
  49  7:24  Probe (Chrono Boost)  
  50  7:36  Templar Archives  
  50  7:39  Pylon  
  51  7:41  Probe (Chrono Boost)  
  51  7:43  Gateway  
  51  7:46  Gateway  
  51  7:49  Gateway  
  51  7:55  Gateway x2  
  51  7:58  Probe (Chrono Boost), Zealot  
  51  7:59  Gateway  
  54  8:03  Gateway  
  54  8:15  Probe (Chrono Boost)  
  55  8:31  Robotics Facility  
  55  8:32  Probe (Chrono Boost)  
  55  8:36  Pylon  
  56  8:40  Zealot  
  56  8:41  Pylon  
  56  8:47  Pylon  
  56  8:49  Probe (Chrono Boost)  
  59  8:53  Pylon  
  57  9:16  Zealot x2  
  57  9:17  Zealot  
  57  9:18  Zealot  
  57  9:29  Stalker x2  
  61  9:39  High Templar x2  
  65  9:46  Zealot  
  65  9:47  Zealot  
  65  9:48  Zealot x2  
  73  10:09  Zealot  
  75  10:10  Zealot  
  77  10:20  Nexus  
  77  10:23  Assimilator  
  77  10:28  Assimilator  
  77  10:34  Pylon  
  77  10:37  High Templar x2, Pylon  
  77  10:38  High Templar x2  
  77  10:39  High Templar, Protoss Ground Armor Level 1  
  87  10:40  High Templar, Pylon  
  87  10:45  Archon x2  
  87  10:46  Archon x2  
  87  10:49  Sentry  
  91  10:50  Sentry  
  93  11:02  Warp Prism  
  93  11:03  Immortal  
  99  11:37  Zealot  
  99  11:38  Zealot x2  
  99  11:39  Zealot x2  
  109  11:40  Zealot x2  
  109  11:41  Zealot  
  115  12:17  Probe (Chrono Boost)  
  115  12:19  Zealot  
  118  12:20  Zealot x2  
  118  12:21  Zealot x2  
  126  12:34  Probe (Chrono Boost)  
  127  12:49  High Templar  
  130  12:50  High Templar x2, Pylon  
  130  12:51  Probe (Chrono Boost)  
  130  12:52  High Templar  
  130  12:57  Archon  
  130  12:58  Archon  
  136  13:19  Immortal  
  144  13:48  Immortal  
  144  14:03  Zealot  
  144  14:04  Zealot x2  
  144  14:07  Zealot  
  144  14:08  Stalker x2  
  155  14:43  Immortal  
  143  15:04  Zealot x2  
  143  15:05  Unknown, Zealot x2  
  143  15:06  Zealot x2  
  143  15:08  Zealot  
  153  15:26  Stalker  
  153  15:34  Unknown  
  149  15:58  Zealot  
  149  15:59  Zealot  
Tags
 
Matchup
Co-op
Replay Pack
Multiplayer
Add a new tag
Caveats
  • Supply blocks, unpowered buildings, or Contaminate may cause inaccurate times.
  • Supply counts are checked every 10 seconds.